 Dungeon Crawl Stone Soup version 0.27-a0-538-g15ff5c5295 (webtiles) character file.

Game seed: 6526227334459601854

109 foci the Shield-Bearer (level 4, -1/29 HPs)
             Began as a Gargoyle Fighter on Mar 7, 2021.
             Slain by a goblin (3 damage)
             ... on level 2 of the Dungeon.
             The game lasted 00:02:23 (1452 turns).

foci the Shield-Bearer (Gargoyle Fighter)           Turns: 1452, Time: 00:02:23

Health: -1/29      AC: 10    Str: 20    XL:     4   Next: 89%
Magic:  4/4        EV:  7    Int:  8    God:
Gold:   70         SH:  9    Dex: 10    Spells: 3/3 levels left

rFire    . . .     SeeInvis .   a - +0 war axe
rCold    . . .     Faith    .   c - +0 kite shield
rNeg     + . .     Spirit   .   b - +0 scale mail
rPois    ∞         Reflect  .   (no helmet)
rElec    +         Harm     .   (no cloak)
rCorr    .         Rampage  .   (no gloves)
Will     .....                  (no boots)
Stlth    ..........             (no amulet)
HPRegen  0.09/turn              (no ring)
MPRegen  0.09/turn              (no ring)

@: no status effects
A: negative energy resistance 1, electricity resistance, torment resistance 1,
unbreathing 1, petrification resistance, AC +3
a: no special abilities


You were on level 2 of the Dungeon.
You visited 1 branch of the dungeon, and saw 2 of its levels.

You collected 70 gold pieces.

Inventory:

Hand Weapons
 a - a +0 war axe (weapon)
Armour
 b - a +0 scale mail (worn)
 c - a +0 kite shield (worn)
Jewellery
 h - a +6 ring of intelligence
Scrolls
 i - 2 scrolls of identify {unknown}
 k - a scroll of blinking {unknown}
 l - a scroll of fear {unknown}
Potions
 d - 3 potions of might
 e - a potion of attraction {unknown}
 f - a potion of brilliance {unknown}
 g - 2 potions of haste {unknown}
 j - a potion of cancellation {unknown}


   Skills:
 + Level 3.7 Fighting
 * Level 3.2 Axes
 + Level 3.8 Armour
 + Level 0.3 Dodging
 - Level 4.0 Shields


You had 3 spell levels left.
You didn't know any spells.
Your spell library was empty.

Dungeon Overview and Level Annotations

Branches:
Dungeon (2/15)

Altars:

Annotations:
D:2 Robin


Innate Abilities, Weirdness & Mutations

Your stone body is resilient. (AC +3)
You are immune to poison.
You resist negative energy. (rN+)
You are resistant to electric shocks. (rElec)
You are resistance to unholy torment.
You can survive without breathing.
You are immune to petrification.


Message History

A goblin comes into view.
The goblin hits you with a +0 dagger.
Your shield prevents you from hitting the goblin.
You slash the goblin!
You kill the goblin!
The goblin hits you but does no damage. x2
You miss the goblin. Robin throws the goblin at you!
The goblin hits you but does no damage. The goblin hits you.
Robin says, "Duck!"
Robin throws the goblin at you!
You closely miss the goblin. x3; The goblin barely misses you.
You block the goblin's attack.
The goblin hits you but does no damage. x2
The goblin hits you. You block the goblin's attack.
You barely miss the goblin. You closely miss the goblin. You slash the goblin!
You kill the goblin!
The goblin hits you but does no damage. x2
Training target 4.0 for Shields reached!
Your Shields skill increases to level 4!
You closely miss the goblin. x2; The goblin barely misses you.
The goblin hits you. x2
* * * LOW HITPOINT WARNING * * *
The goblin barely misses you.
You miss the goblin. You hit the goblin.
The hobgoblin no longer looks unusually strong.
You block the goblin's attack. x2
You closely miss the goblin. x2; You block the goblin's attack. x2
The goblin hits you but does no damage. x2
You closely miss the goblin. You hit the goblin but do no damage.
The goblin hits you but does no damage. The goblin hits you.
* * * LOW HITPOINT WARNING * * *
You block the goblin's attack.
You hit the goblin.
The goblin is moderately wounded.
You hit the goblin but do no damage.
The hobgoblin no longer looks unusually strong.
The goblin no longer looks unusually strong.
The goblin hits you.
* * * LOW HITPOINT WARNING * * *
The goblin hits you.
You die...

#.......###.#.####.####...##
####.#..# #.#.# #.# #......
.#####.#..# ###.####.###....##
..........# #.............'.
..####.#.######.####.###....#.
....................# #....#.
......###########.#.# #....#.
..####. ####g....#.# #....#. .
#. #gg@)..###.# #.####. ..
#.gg####.# #.# #.# #. ###..#
.(# #.# #.. .. #.. #..# .. #
#.## .. #. .. .. .# # #


You could see Robin, 2 hobgoblins and 2 goblins.

Vanquished Creatures
  3 gnolls (D:2)
  2 adders (D:2)
  2 dart slugs (D:1)
  4 leopard geckos (D:1)
  A ball python (D:1)
  8 goblins
  6 hobgoblins
  8 jackals
  A quokka (D:2)
  6 bats
  A frilled lizard (D:1)
  5 kobolds
  3 rats (D:1)
50 creatures vanquished.

Notes
Turn   | Place    | Note
-------+----------+-------------------------------------------
     0 | D:1      | foci the Gargoyle Fighter began the quest for the Orb.
     0 | D:1      | Reached XP level 1. HP: 14/14 MP: 1/1
   212 | D:1      | Reached XP level 2. HP: 19/19 MP: 2/2
   365 | D:1      | Reached XP level 3. HP: 22/24 MP: 3/3
  1029 | D:2      | Reached XP level 4. HP: 28/29 MP: 4/4
  1438 | D:2      | Noticed Robin
  1448 | D:2      | Reached skill level 4 in Shields
  1452 | D:2      | Slain by a goblin

Illustrated notes

Levels and vault maps discovered:
D:1:      dpeg_arrival_arbitrary_b, layout_loops_ring, hex_tiny,
          minmay_misc_feat_five, minmay_pentomino_p4
D:2:      minmay_evil_eye, layout_basic, uniq_robin

Skill      XL: |  1  2  3  4 |
---------------+-------------+-----
Axes           | 2 3 |  3.2
Shields        | 4 |  4.0
Fighting       | |  3.7
Armour         | |  3.8
Dodging        | |  0.3

Action                   |  1- 3 |  4- 6 || total
-------------------------+-------+-------++-------
Melee: War axe           |   105 |    48 ||   153
Armor: Scale mail        |    63 |    40 ||   103
Dodge: Dodged            |    45 |    24 ||    69
Block: Kite shield       |    71 |    27 ||    98

Table legend: (Time is in decaauts)
 A = Elapsed time spent in this place.
 B = Non-inter-level travel time spent in this place.
 C = Inter-level travel time spent in this place.
 D = Time resting spent in this place.
 E = Time spent auto-exploring this place.
 F = Levels seen in this place.
 G = Mean time per level.
                   A        B        C        D        E       F      G
               +--------+--------+--------+--------+--------+-----+--------+
         Total |   1544 |   1516 |     28 |      0 |   1090 |   2 |  772.0 |
       Dungeon |   1544 |   1516 |     28 |      0 |   1090 |   2 |  772.0 |
               +--------+--------+--------+--------+--------+-----+--------+

Top non-repeatable levels by time:
     D:1: 969 daAuts
     D:2: 575 daAuts
